 Dungeon Crawl Stone Soup version 0.19.1 (webtiles) character file.

1187 CanadianGator the Destroyer (level 8, -7/41 HPs)
             Began as a Deep Elf Conjurer on Dec 16, 2016.
             Was a Follower of Vehumet.
             Mangled by an orc warrior
             ... wielding a +0 scimitar
              (16 damage)
             ... on level 5 of the Dungeon on Dec 21, 2016.
             The game lasted 00:20:43 (5252 turns).

CanadianGator the Destroyer (Deep Elf Conjurer)     Turns: 5252, Time: 00:20:44

Health: -7/41      AC:  8    Str:  5    XL:     8   Next: 19%
Magic:  4/18       EV: 15    Int: 23    God:    Vehumet [*.....]
Gold:   248        SH:  0    Dex: 15    Spells: 5 memorised, 5 levels left

rFire  . . .     SeeInvis .     l - +2 quarterstaff (chaos)
rCold  . . .     Gourm    .     a - +0 robe
rNeg   . . .     Faith    +     (shield currently unavailable)
rPois  .         Spirit   .     z - +0 helmet
rElec  .         Reflect  .     m - +2 cloak
rCorr  .         Harm     .     n - +0 pair of gloves
MR     .....                    o - +0 pair of boots
Stlth  ++........               j - amulet of faith
                                (no ring)
                                (no ring)

@: about to teleport
A: no striking features
a: Renounce Religion


You were on level 5 of the Dungeon.
You worshipped Vehumet.
Vehumet was aware of your devotion.
You were near starving.

You visited 1 branch of the dungeon, and saw 5 of its levels.

You collected 248 gold pieces.

Inventory:

Hand Weapons
 l - a +2 quarterstaff of chaos (weapon)
Armour
 a - a +0 robe (worn)
 m - a +2 cloak (worn)
 n - a +0 pair of gloves (worn)
 o - a +0 pair of boots (worn)
 z - a +0 helmet (worn)
Jewellery
 j - an amulet of faith (around neck)
Wands
 q - a wand of acid (9/15)
 y - a wand of flame (12/48)
Scrolls
 e - a scroll of immolation {unknown}
 f - a scroll of enchant weapon {unknown}
 g - 5 scrolls of remove curse
 i - 3 scrolls of noise
 k - 2 scrolls of identify
 s - a scroll of amnesia {unknown}
 u - a scroll of recharging
 v - a scroll of teleportation
 x - a scroll of random uselessness {unknown}
Potions
 d - 3 potions of curing
 h - 2 potions of degeneration
 r - a potion of magic {unknown}
 w - a potion of lignification {unknown}
 A - 2 potions of invisibility {unknown}
Books
 b - a book of Conjurations

   Spells                             Type                      Level
   a - Magic Dart                     Conjuration                  1
   b - Searing Ray                    Conjuration                  2
   c - Dazzling Spray                 Conjuration/Hexes            3
   d - Fulminant Prism                Conjuration/Hexes            4
   e - Iskenderun's Mystic Blast      Conjuration                  4
   f - Iskenderun's Battlesphere      Conjuration/Charms           5
 t - a book of Minor Magic

   Spells                             Type                      Level
   a - Magic Dart                     Conjuration                  1
   b - Blink                          Translocation                2
   c - Call Imp                       Summoning                    2
   d - Repel Missiles                 Charms/Air                   2
   e - Slow                           Hexes                        2
   f - Conjure Flame                  Conjuration/Fire             3
   g - Mephitic Cloud                 Conjuration/Poison/Air       3
Comestibles
 c - 4 bread rations
 p - a beef jerky
 B - a meat ration
 C - a slice of pizza


   Skills:
 + Level 3.3 Staves
 + Level 3.1 Armour
 + Level 5.0 Dodging
 - Level 2.4 Stealth
 + Level 5.8 Spellcasting
 * Level 8.0 Conjurations


You had 5 spell levels left.
You knew the following spells:

 Your Spells              Type           Power        Failure   Level  Hunger
a - Magic Dart            Conj           ####         1%          1    None
b - Searing Ray           Conj           #####.       1%          2    None
c - Dazzling Spray        Conj/Hex       ####..       8%          3    #......
d - Iskenderun's Mystic   Conj           #####...     4%          4    ###....
e - Mephitic Cloud        Conj/Pois/Air  ###.....     10%         3    #......


Dungeon Overview and Level Annotations

Branches:
Dungeon (5/15)             Temple (0/1) D:5

Altars:
Ashenzari
Cheibriados
Fedhas
Gozag
Hepliaklqana
Kikubaaqudgha
Qazlal
Ru
Vehumet
Zin

Shops:
D:4 }


Message History

You barely miss the orc warrior. The orc warrior closely misses you.
You completely miss the orc warrior.
The orc warrior hits you with a scimitar.
You hit the orc warrior but do no damage.
The orc warrior hits you with a scimitar!
You closely miss the orc warrior.
The orc warrior hits you with a scimitar!
You closely miss the orc warrior.
The orc warrior hits you with a scimitar!
* * * LOW HITPOINT WARNING * * *
As you read the scroll labeled LIADWOYCEDD, it crumbles to dust.
You feel blessed for a moment.
It was a scroll of remove curse.
Firing (i - inventory): No suitable missiles.
Press: ? - help, Shift-Dir - straight line, f/p - orc warrior
Aim: an orc warrior, wielding a scimitar and wearing a chain mail
Okay, then.
As you read the scroll labeled XUILEH ZIRACH, it crumbles to dust.
You feel strangely unstable.
It was a scroll of teleportation.
The orc warrior hits you with a scimitar!
You die...

......>.#.....#
........#####.#
...####.......#
...########################
..........................#
.#.#####################.##
..............##....# #.#
##........###.##.##.# #.#
............#.##@##.####.#
##........#.#.##o##......#
#..........#.##.##########
#........###.##..........#
#........#...##########.##
##.#.....#.### #.#
#######(#.# #.# #....((#.#
#.# ####.###..#.# #†#


You could see an orc warrior.

Vanquished Creatures
  Grinder (D:3)
  2 phantoms
  An ogre (D:5)
  A centaur (D:5)
  A gnoll sergeant (D:3)
  A scorpion (D:5)
  2 howler monkeys
  Crazy Yiuf (D:2)
  A gnoll shaman (D:5)
  An orc wizard (D:5)
  4 worker ants
  Terence (D:2)
  A statue (D:4)
  11 gnolls
  A howler monkey skeleton (D:4)
  3 adders
  2 adder skeletons
  2 worms
  3 leopard geckos
  7 orcs
  A ball python (D:1)
  6 bats
  5 goblins
  9 hobgoblins
  9 jackals
  A quokka (D:1)
  4 frilled lizards
  13 kobolds
  5 rats
100 creatures vanquished.

Vanquished Creatures (others)
  7 toadstools (D:1)
7 creatures vanquished.

Grand Total: 107 creatures vanquished

Notes
Turn   | Place    | Note
-------+----------+-------------------------------------------
     0 | D:1      | CanadianGator the Deep Elf Conjurer began the quest for the Orb.
     0 | D:1      | Reached XP level 1. HP: 10/10 MP: 6/6
   275 | D:1      | Reached XP level 2. HP: 15/15 MP: 4/8
   286 | D:1      | Learned a level 2 spell: Searing Ray
   841 | D:2      | Noticed Terence
  1152 | D:2      | Reached skill level 1 in Armour
  1181 | D:2      | Reached XP level 3. HP: 19/19 MP: 8/10
  1207 | D:2      | Found a runed door.
  1238 | D:2      | Found a hazy altar of Hepliaklqana.
  1354 | D:2      | Killed Terence
  1354 | D:2      | Reached skill level 5 in Conjurations
  1708 | D:2      | Noticed Crazy Yiuf
  1712 | D:2      | Killed Crazy Yiuf
  1712 | D:2      | Reached XP level 4. HP: 24/24 MP: 7/12
  1825 | D:3      | Found an ancient bone altar of Kikubaaqudgha.
  1964 | D:3      | Noticed Grinder
  1964 | D:3      | Paralysed by Grinder for 6 turns
  1983 | D:3      | Killed Grinder
  1983 | D:3      | Reached skill level 1 in Staves
  1983 | D:3      | Reached skill level 6 in Conjurations
  1983 | D:3      | Reached XP level 5. HP: 7/28 MP: 4/13
  1983 | D:3      | Reached XP level 6. HP: 8/32 MP: 4/14
  2364 | D:3      | Found an opulent altar of Gozag.
  2904 | D:3      | Found a snail-covered altar of Cheibriados.
  2951 | D:4      | Noticed a fire elemental
  2952 | D:4      | Found a stormy altar of Qazlal.
  2956 | D:4      | Reached XP level 7. HP: 36/36 MP: 11/16
  2976 | D:4      | Found a glowing silver altar of Zin.
  2977 | D:4      | Found a sacrificial altar of Ru.
  3120 | D:4      | Learned a level 3 spell: Dazzling Spray
  3125 | D:4      | Learned a level 4 spell: Iskenderun's Mystic Blast
  3129 | D:4      | Learned a level 3 spell: Mephitic Cloud
  3141 | D:4      | Found a radiant altar of Vehumet.
  3147 | D:4      | Reached skill level 5 in Spellcasting
  3161 | D:4      | Became a worshipper of Vehumet
  3341 | D:4      | Noticed a water elemental
  3341 | D:4      | Noticed an air elemental
  3571 | D:4      | Reached skill level 7 in Conjurations
  3745 | D:4      | Found Atsukh's Gadget Emporium.
  3985 | D:4      | Found a blossoming altar of Fedhas.
  4251 | D:5      | Entered Level 5 of the Dungeon
  4367 | D:5      | Found a staircase to the Ecumenical Temple.
  4449 | D:5      | Reached XP level 8. HP: 15/41 MP: 4/18
  4644 | D:5      | Found a shattered altar of Ashenzari.
  4690 | D:5      | Reached skill level 5 in Dodging
  4693 | D:5      | Reached skill level 8 in Conjurations
  5224 | D:5      | Reached * piety under Vehumet
  5224 | D:5      | Offered knowledge of Sandblast by Vehumet.
  5252 | D:5      | Mangled by an orc warrior

Skill      XL: |  1  2  3  4  5  6  7  8 |
---------------+-------------------------+-----
Armour         | 1 2 3 |  3.1
Dodging        | 3 4 5 |  5.0
Conjurations   | 5 6 7 8 |  8.0
Spellcasting   | 4 5 |  5.8
Staves         | 1 2 3 |  3.3
Stealth        | |  2.4

Action                   |  1- 3 |  4- 6 |  7- 9 || total
-------------------------+-------+-------+-------++-------
Melee: Unarmed           |     5 |       |       ||     5
       Quarterstaff      |       |       |    31 ||    31
 Cast: Magic Dart        |    49 |    29 |    16 ||    94
       Searing Ray       |    10 |    17 |    12 ||    39
       Iskenderun's Myst |       |       |    24 ||    24
       Dazzling Spray    |       |       |     1 ||     1
Evoke: Wand              |       |     1 |       ||     1
  Use: Potion            |       |     3 |       ||     3
       Scroll            |       |     3 |     2 ||     5
 Stab: Distracted        |     1 |       |       ||     1
  Eat: Chunk             |     1 |     1 |     3 ||     5
       Meat ration       |       |     1 |     1 ||     2
Armor: Robe              |       |     7 |    12 ||    19
Dodge: Dodged            |     8 |    11 |    35 ||    54
